 Dungeon Crawl Stone Soup version 0.31-a0-361-g0f8bd3a31e (webtiles) character file.

Game seed: 2309648918605674916

2480 BritishOli the Fighter (level 9, -3/74 HPs)
             Began as a Demonspawn Fighter on July 27, 2023.
             Was an Initiate of Makhleb.
             Slain by an orc wizard
             ... wielding a +0 dagger
              (4 damage)
             ... on level 7 of the Dungeon.
             The game lasted 00:05:31 (5290 turns).

BritishOli the Fighter (Demonspawn Fighter)         Turns: 5290, Time: 00:05:31

Health: -3/74      AC: 13    Str: 21    XL:     9   Next: 27%
Magic:  9/9        EV:  9    Int: 10    God:    Makhleb [......]
Gold:   134        SH:  4    Dex: 12    Spells: 8/8 levels left

rFire   . . .        a - +0 war axe
rCold   . . .        c - +0 buckler
rNeg    . . .        b - +0 scale mail
rPois   +            (helmet unavailable)
rElec   .            m - +2 cloak {rPois}
rCorr   .            (no gloves)
SInv    +            (no boots)
Will    .....        (no amulet) Stlth
                     (no ring)
HPRegen 0.32/turn    (no ring)
MPRegen 0.11/turn

%: no passive effects
@: no status effects
A: antennae 3, icy blue scales 1, demonic guardian 2
a: Renounce Religion


You were on level 7 of the Dungeon.
You worshipped Makhleb.
Makhleb was noncommittal.
You visited 2 branches of the dungeon, and saw 8 of its levels.

You collected 358 gold pieces.
You spent 224 gold pieces at shops.

Inventory:

Hand Weapons
 a - a +0 war axe (weapon)
Missiles
 u - 2 throwing nets
Armour
 b - a +0 scale mail (worn)
 c - a +0 buckler (worn)
 m - a +2 cloak of poison resistance (worn)
Jewellery
 f - a ring of protection from fire
 r - a ring of protection from fire
 A - a ring of protection from cold
Wands
 w - a wand of iceblast (10)
Scrolls
 i - 2 scrolls of enchant weapon {unknown}
 k - 3 scrolls of teleportation {unknown}
 l - 4 scrolls of blinking {unknown}
 n - a scroll of fog {unknown}
 o - 4 scrolls of identify {unknown}
 q - a scroll of brand weapon {unknown}
 t - 2 scrolls of fear {unknown}
 v - 3 scrolls of revelation {unknown}
 x - a scroll of immolation {unknown}
 y - a scroll of vulnerability {unknown}
 B - a scroll of enchant armour {unknown}
Potions
 d - 2 potions of might
 e - 2 potions of lignification {unknown}
 g - 3 potions of heal wounds {unknown}
 h - a potion of mutation {unknown}
 j - 4 potions of curing {unknown}
 p - 2 potions of degeneration {unknown}
 s - a potion of invisibility {unknown}
 z - 2 potions of resistance {unknown}
 C - a potion of haste {unknown}


   Skills:
 * Level 8.2 Fighting
 * Level 7.2 Axes
 + Level 6.3 Armour
 - Level 3.0 Shields


You had 8 spell levels left.
You didn't know any spells.
Your spell library contained the following spells:

 Spells                   Type           Power      Damage    Failure   Level
 Magic Dart               Conj           0%         1d3       75%         1
 Call Imp                 Summ           0%         N/A       87%         2
 Sublimation of Blood     Necr           0%         N/A       87%         2
 Mephitic Cloud           Conj/Pois/Air  0%         N/A       98%         3
 Ozocubu's Armour         Ice            0%         N/A       98%         3
 Petrify                  Tmut/Erth      0%         N/A       100%        4
 Irradiate                Conj/Tmut      0%         3d11      100%        5
 Ozocubu's Refrigeration  Ice            0%         4d7       100%        7


Dungeon Overview and Level Annotations

Branches:
Dungeon (7/15)             Temple (1/1) D:6

Altars:
Ashenzari
Cheibriados
Dithmenos
Fedhas
Gozag
Hepliaklqana
Kikubaaqudgha
Makhleb
Nemelex Xobeh
Okawaru
Ru
Sif Muna
Trog
Uskayaw
Vehumet
Wu Jian
Xom
Yredelemnul

Shops:
D:7 (

Annotations:
D:5 1 runed translucent door, hypergardens's ghost, novice MiFi


Innate Abilities, Weirdness & Mutations

You have a pair of large antennae on your head. (SInv)
You are partially covered in icy blue scales. (AC +2)
A demonic guardian rushes to your aid.


Message History

You closely miss the orc wizard.
The orc wizard is severely wounded.
You closely miss the orc priest. Something hits your rust devil.
The orc priest hits your rust devil but does no damage.
The orc wizard barely misses you. You block the orc priest's attack.
The orc priest closely misses you. The orc wizard barely misses you.
You slash the orc priest!
The orc priest is severely wounded.
You barely miss the orc wizard.
Your rust devil barely misses the orc wizard.
The orc wizard closely misses you.
The orc priest calls down the wrath of Beogh upon you.
Beogh smites you!
* * * LOW HITPOINT WARNING * * *
The orc priest barely misses your rust devil.
Your rust devil closely misses the orc wizard.
The orc priest hits your rust devil but does no damage.
The orc wizard hits you but does no damage.
The orc priest invokes the aid of Beogh against you.
Pain shoots through your body!
* * * LOW HITPOINT WARNING * * *
Your rust devil hits the orc wizard.
Your rust devil corrodes the orc wizard!
The orc priest looks satisfied for a moment.
The orc priest looks encouraged for a moment.
Something hits your rust devil.
Your rust devil barely misses the orc wizard.
The orc priest hits your rust devil but does no damage.
The orc priest looks encouraged for a moment.
Something hits your rust devil.
The orc wizard attacks as you move away!
The orc wizard closely misses you.
The orc priest calls down the wrath of Beogh upon you.
Beogh smites you!
* * * LOW HITPOINT WARNING * * *
A demonic guardian appears!
There is a stone staircase leading down here.
Unknown command.
The orc wizard hits you with a +0 dagger.
You die...

#.........# #..)...#.##..#
#.........# ##.#....#....##
#.........###..##.##..#.##
##.....{o.##..###.##.##..#
##.....#.##.###.....###.#
##{####..#.#....#### #.## ##.#
##.....##.# #..###
#{{#####..o.###.# ##...#
#{#.....4.@####.# ###..
###.#.............##########. ,
#.o.........##.∩#............
........[.......###.#.#########..
............##### #...# ###
............# #..## #
$...........# ##.# #
............# #.# # ............#
#.# #


You could see an orc priest (ally target), an orc wizard (invisible) and a
friendly ice devil (summoned).

Vanquished Creatures
  A hornet (D:7)
  A yak (D:6)
  Sigmund (D:2)
  A wraith (D:6)
  Menkaure (D:7)
  4 ice beasts
  2 centaurs (D:7)
  A kobold brigand (D:6)
  A phantom (D:7)
  A bullfrog (D:7)
  4 scorpions
  2 jellies (D:6)
  2 orc priests
  3 hounds
  An iguana (D:6)
  Jessica (D:2)
  4 sleepcaps
  5 orc wizards
  3 adders
  2 gnolls (D:6)
  A white imp (D:6)
  An ufetubus (D:6)
  2 dart slugs
  17 orcs
  3 bats
  6 endoplasms
  5 giant cockroaches
  7 goblins
  4 hobgoblins
  12 jackals
  7 kobolds
  6 quokkas
  6 ball pythons
  9 frilled lizards
  6 rats
133 creatures vanquished.

Vanquished Creatures (collateral kills)
  An ice beast (D:6)
  A gnoll bouda (D:6)
  A gnoll (D:6)
  A ball python (D:4)
4 creatures vanquished.

Grand Total: 137 creatures vanquished

Notes
Turn   | Place    | Note
-------+----------+-------------------------------------------
     0 | D:1      | BritishOli the Demonspawn Fighter began the quest for the
                  | Orb.
     0 | D:1      | Reached XP level 1. HP: 18/18 MP: 1/1
    84 | D:1      | Gained mutation: You have a pair of small antennae on your
                  | head. [demonic ancestry]
    84 | D:1      | Reached XP level 2. HP: 24/24 MP: 2/2
   224 | D:1      | Gained mutation: You have a pair of antennae on your head.
                  | [demonic ancestry]
   224 | D:1      | Reached XP level 3. HP: 29/29 MP: 3/3
   289 | D:1      | You fall into a shaft and drop 1 floor!
   449 | D:2      | Noticed Jessica
   458 | D:2      | Killed Jessica
   459 | D:2      | Gained mutation: A weak demonic guardian rushes to your
                  | aid. [demonic ancestry]
   459 | D:2      | Reached XP level 4. HP: 5/36 MP: 4/4
   728 | D:2      | Noticed Sigmund
   736 | D:2      | Killed Sigmund
   737 | D:2      | Reached skill level 4 in Fighting
   737 | D:2      | Gained mutation: You are partially covered in icy blue
                  | scales. (AC +2) [demonic ancestry]
   737 | D:2      | Reached XP level 5. HP: 26/43 MP: 5/5
  1477 | D:3      | Gained mutation: You have a pair of large antennae on your
                  | head. (SInv) [demonic ancestry]
  1477 | D:3      | Reached XP level 6. HP: 49/49 MP: 6/6
  2371 | D:5      | Entered Level 5 of the Dungeon
  2423 | D:5      | Found a runed translucent door.
  2423 | D:5      | Noticed hypergardens's ghost (novice MiFi)
  2465 | D:5      | Reached skill level 5 in Fighting
  2536 | D:5      | Reached XP level 7. HP: 51/56 MP: 7/7
  2704 | D:5      | Reached skill level 5 in Armour
  3359 | D:6      | Reached skill level 6 in Fighting
  3359 | D:6      | Reached skill level 5 in Axes
  3362 | D:6      | Noticed a yak
  3380 | D:6      | Killed a yak
  3381 | D:6      | Gained mutation: A demonic guardian rushes to your aid.
                  | [demonic ancestry]
  3381 | D:6      | Reached XP level 8. HP: 35/65 MP: 8/8
  3716 | D:6      | Found a staircase to the Ecumenical Temple.
  3815 | Temple   | Entered the Ecumenical Temple
  3840 | Temple   | Became a worshipper of Makhleb the Destroyer
  4021 | D:6      | Reached skill level 7 in Fighting
  4479 | D:7      | Noticed Menkaure
  4684 | D:7      | Killed Menkaure
  4685 | D:7      | Reached XP level 9. HP: 36/74 MP: 9/9
  4866 | D:7      | Reached skill level 8 in Fighting
  5149 | D:7      | Found Taoph's Antique Weapon Boutique.
  5157 | D:7      | Bought a polished hand axe for 224 gold pieces
  5157 | D:7      | Identified the +1 hand axe of Junyvuhe {holy, Str+5} (You
                  | bought it in a shop on level 7 of the Dungeon)
  5289 | D:7      | HP: 1/74 [orc priest/divine providence (11)]
  5290 | D:7      | Slain by an orc wizard

Illustrated notes

Levels and vault maps discovered:
D:1:      lemuel_arrival_broad_hall, layout_rooms
D:2:      layout_loops_cross, uniq_sigmund, uniq_jessica
D:3:      layout_loops_ring
D:4:      layout_rooms
D:5:      layout_loops_ring, gammafunk_ghost_grave, mrwooster_statue_mirror
D:6:      layout_gridville, minmay_temple_entry_waves, serial_glass,
          glass_columns_a, glass_columns_a, minmay_between
D:7:      layout_rooms, serial_shops, shop, uniq_menkaure
Temple:   regret_index_temple_sigil_plot

Skill      XL: |  1  2  3  4  5  6  7  8  9 |
---------------+----------------------------+-----
Axes           | 2 3 4 5 6 7 |  7.2
Armour         | 3 4 5 6 |  6.3
Shields        | 3 |  3.0
Fighting       | 4 5 6 7 8 |  8.2

Action                     |  1- 3 |  4- 6 |  7- 9 || total
---------------------------+-------+-------+-------++-------
  Melee: War axe           |    88 |   174 |   203 ||   465
 Armour: Scale mail        |    55 |   106 |   136 ||   297
  Dodge: Dodged            |    49 |    83 |   115 ||   247
  Block: Buckler           |    22 |    40 |    51 ||   113

Table legend: (Time is in decaauts)
 A = Elapsed time spent in this place.
 B = Non-inter-level travel time spent in this place.
 C = Inter-level travel time spent in this place.
 D = Time resting spent in this place.
 E = Time spent auto-exploring this place.
 F = Levels seen in this place.
 G = Mean time per level.
                   A        B        C        D        E       F      G
               +--------+--------+--------+--------+--------+-----+--------+
         Total |   5460 |   5308 |    152 |    723 |   3550 |   8 |  682.5 |
       Dungeon |   5341 |   5227 |    114 |    723 |   3471 |   7 |  763.0 |
        Temple |    118 |     80 |     38 |      0 |     79 |   1 |  118.0 |
               +--------+--------+--------+--------+--------+-----+--------+

Top non-repeatable levels by time:
     D:6: 1254 daAuts
     D:5: 988 daAuts
     D:2: 872 daAuts
     D:3: 661 daAuts
     D:7: 635 daAuts
     D:4: 608 daAuts
     D:1: 321 daAuts
  Temple: 118 daAuts
